cohdb
Replays
Latest Replays
All Replays
Popular Replays
Top Player Replays
Match Explorer
How It Works
Community
CoH3 Stats
Reddit
Sign in to upload your games and track your stats! →
Sign in with Steam
Match 38459298
Unlisted
Match 38459298
Overview
Messages
Build Orders
End
Panzergrenadier Squad
Selects Battlefield Espionage Battlegroup
Selects Sector Subterfuge Beacon
250 Light Carrier
Panzergrenadier Squad
Construct Light Support Kompanie
Combat Half-tracks
Panzerjäger Squad
Fire Support Elements
Selects Plunder
Flakvierling Half-track
Veteran Squad Leaders
le.IG 18 Mechanized Group
Tungsten Core Ammunition
Panzergrenadier Squad
Construct Panzerarmee Kommand
LEV-Detahaven
Tenshi
GoLdenCoBRaaa
Jimmy English
0
0
Comments
sign in to comment!
No comments posted yet!